 Dungeon Crawl Stone Soup version 0.28.0-45-g0d030f2227 (webtiles) character file.

Game seed: 1566163190063639071

6969 protoss039 the Fighter (level 11, 0/123 HPs)
             Began as an Ogre Fire Elementalist on May 17, 2022.
             Was a Follower of Vehumet.
             Slain by an orc knight
             ... wielding a +0 glaive
              (20 damage)
             ... in a bailey.
             The game lasted 00:23:20 (15039 turns).

protoss039 the Fighter (Ogre Fire Elementalist)    Turns: 15039, Time: 00:23:22

Health: 0/123      AC: 14    Str: 14    XL:     11   Next: 7%
Magic:  11/23      EV:  7    Int: 20    God:    Vehumet [*.....]
Gold:   362        SH:  0    Dex:  9    Spells: 13/26 levels left

rFire   x . .      SeeInvis .   a - +1 short sword (venom)
rCold   + + +      Faith    .   (no shield)
rNeg    . . .      Spirit   .   E - +0 ice dragon scales
rPois   .          Reflect  .   r - +1 hat
rElec   .          Harm     .   v - +1 cloak
rCorr   .          Rampage  .   (gloves unavailable)
Will    ++...                   (boots unavailable)
Stlth   ..........              y - amulet of the acrobat
HPRegen 0.30/turn               p - ring of protection from cold
MPRegen 0.18/turn               k - ring of willpower

@: no status effects
A: large, unfitting armour, tough skin 1
a: Renounce Religion


You were in a bailey.
You worshipped Vehumet.
Vehumet was aware of your devotion.
You visited 2 branches of the dungeon, and saw 10 of its levels.
You also visited: Bailey.

You collected 425 gold pieces.
You spent 63 gold pieces at shops.

Inventory:

Hand Weapons
 a - a +1 short sword of venom (weapon)
 e - a +1 hand axe of flaming
Armour
 r - a +1 hat (worn)
 v - a +1 cloak (worn)
 E - +0 ice dragon scales (worn)
 G - a +0 robe
Magical Staves
 H - a staff of fire
Jewellery
 k - a ring of willpower (right hand)
 p - a ring of protection from cold (left hand)
 y - an amulet of the acrobat (around neck)
Wands
 l - a wand of acid (10)
 u - a wand of flame (38)
 A - a wand of iceblast (3)
Scrolls
 b - 2 scrolls of torment {unknown}
 d - a scroll of identify
 j - a scroll of magic mapping {unknown}
 q - a scroll of enchant armour {unknown}
 t - 2 scrolls of amnesia
 x - a scroll of fog
 B - 2 scrolls of teleportation
Potions
 c - a potion of attraction {unknown}
 f - 2 potions of degeneration {unknown}
 g - 2 potions of invisibility {unknown}
 h - a potion of mutation {unknown}
 i - 4 potions of brilliance
 m - a potion of ambrosia {unknown}
 n - 6 potions of haste
 o - 3 potions of heal wounds {unknown}
 s - 3 potions of lignification
 w - a potion of curing {unknown}
 z - a potion of berserk rage {unknown}
 C - 3 potions of magic {unknown}
 D - a potion of flight {unknown}
 F - a potion of resistance {unknown}
 I - 2 potions of might


   Skills:
 - Level 12.0 Fighting
 * Level 4.0 Armour
 - Level 3.0 Dodging
 - Level 1.6 Stealth
 + Level 8.4 Spellcasting
 + Level 6.6 Conjurations
 + Level 7.1 Fire Magic


You had 13 spell levels left.
You knew the following spells:

 Your Spells              Type           Power      Damage    Failure   Level
a - Foxfire               Conj/Fire      100%       2x1d9     2%          1
b - Scorch                Fire           74%        2d9       3%          2
c - Inner Flame           Hex/Fire       22%        N/A       30%         3
d - Swiftness             Air            8%         N/A       78%         3
e - Flame Wave            Conj/Fire      36%        2d9       26%         4

Your spell library contained the following spells:

 Spells                   Type           Power      Damage    Failure   Level
 Magic Dart               Conj           100%       1d8       2%          1
 Conjure Flame            Conj/Fire      36%        6-21      8%          3
 Animate Skeleton         Necr           16%        N/A       41%         1
 Apportation              Tloc           16%        N/A       41%         1
 Summon Small Mammal      Summ           32%        N/A       41%         1
 Blink                    Tloc           16%        N/A       54%         2
 Ensorcelled Hibernation  Hex/Ice        16%        N/A       54%         2
 Passwall                 Tmut/Erth      6%         N/A       54%         2
 Frozen Ramparts          Ice            16%        1d3       78%         3
 Spider Form              Tmut/Pois      8%         N/A       78%         3
 Anguish                  Hex/Necr       4%         N/A       99%         4
 Ice Form                 Ice/Tmut       8%         N/A       99%         4
 Summon Ice Beast         Ice/Summ       8%         N/A       99%         4
 Manifold Assault         Tloc           8%         N/A       100%        5
 Storm Form               Tmut/Air       4%         N/A       100%        7


Dungeon Overview and Level Annotations

Branches:
Dungeon (9/15)             Temple (1/1) D:7          Bailey (1/1)
   Lair: D:8-11         Orc: D:9-12

Altars:
Ashenzari
Cheibriados
Elyvilon
Fedhas
Gozag
Hepliaklqana
Kikubaaqudgha
Nemelex Xobeh
Okawaru
Ru
Sif Muna
Trog
Uskayaw
Vehumet
Wu Jian
Xom
Yredelemnul
Zin
The Shining One

Shops:
D:5 :[:[*


Innate Abilities, Weirdness & Mutations

You are too large for most types of armour.
You have tough skin. (AC +1)


Message History

Things that are here:
a +0 halberd; a +0 chain mail
There is an open door here.
You see here a +0 spear.
There is an open door here.
Things that are here:
a +0 glaive; a +0 chain mail
Casting: Foxfire (safe; 2% risk of failure)
Confirm with . or Enter, or press ? or * to list all spells.
Aiming: Inner Flame (dangerous; 30% risk of failure)
Press: ? - help, Dir - move target, f - orc knight
Aim: an orc knight, wielding a +0 glaive and wearing a +0 plate armour (lightly wounded, chance to affect: 62%)
The orc knight resists with significant effort.
Unknown command.
Items here: ))) [.
Items here: )) [[.
Things that are here:
a +0 halberd; a +0 scale mail; a +0 hand axe
Items here: ))) [.
Items here: )) [[.
Things that are here:
a +0 halberd; a +0 scale mail; a +0 hand axe
Okay, then.
Okay, then.
Okay, then.
Items here: ))) [.
Items here: )) [[.
Things that are here:
a +0 halberd; a +0 scale mail; a +0 hand axe
Okay, then.
The orc knight hits you from afar with a +0 glaive!!
* * * LOW HITPOINT WARNING * * *
Casting: Inner Flame (dangerous; 30% risk of failure)
Confirm with . or Enter, or press ? or * to list all spells.
Aiming: Inner Flame (dangerous; 30% risk of failure)
Press: ? - help, Dir - move target, f/p - orc knight
Aim: an orc knight, wielding a +0 glaive and wearing a +0 plate armour (lightly wounded, chance to affect: 62%)
The orc knight is filled with an inner flame.
The orc knight hits you from afar with a +0 glaive!!
You die...

### ############ .)##
##........∩.##
.).######.....#......#
#..#....#....###o....#
8.)')...).....8.....∩#
#).#...)#....###@....#
)..######....)#).....#
..## ##...)))..∩.##
### ############


You could see an orc knight (inner flame).

Vanquished Creatures
  Gastronok (D:9)
  A hydra (D:8)
  Pikel (D:6)
  An orc knight (Bailey)
  A shadow (D:8)
  A wraith (D:8)
  3 yaks (D:8)
  Menkaure (D:6)
  A water moccasin (D:6)
  9 orc warriors
  An ice beast (D:7)
  A black bear (D:7)
  2 necrophages
  3 ogres
  3 lemures (D:7)
  A centaur (D:8)
  2 kobold brigands
  Blork the orc (D:5)
  A wyvern zombie (D:9)
  3 bullfrogs
  A gnoll sergeant (D:6)
  2 water moccasin skeletons
  3 howler monkeys
  A bullfrog zombie (D:6)
  A jelly (D:5)
  A hound (D:3)
  A centaur skeleton (D:7)
  4 orc priests
  3 iguanas
  2 gnoll shamans (D:6)
  7 orc wizards
  2 killer bee zombies (D:7)
  3 hound skeletons
  A howler monkey zombie (D:8)
  19 gnolls
  4 adders
  2 river rats (D:6)
  An ufetubus (D:5)
  2 adder skeletons (D:4)
  An adder zombie (D:5)
  2 worms (D:2)
  4 dart slugs
  59 orcs
  9 ball pythons
  8 endoplasms
  5 giant cockroaches
  3 goblins
  6 hobgoblins
  4 jackals
  20 kobolds
  3 quokkas (D:1)
  6 bats
  10 frilled lizards
  10 rats
  4 rat zombies (D:4)
252 creatures vanquished.

Vanquished Creatures (others)
  690 foxfires
690 creatures vanquished.

Grand Total: 942 creatures vanquished

Notes
Turn   | Place    | Note
-------+----------+-------------------------------------------
     0 | D:1      | protoss039 the Ogre Fire Elementalist began the quest for
                  | the Orb.
     0 | D:1      | Reached XP level 1. HP: 16/16 MP: 3/3
    39 | D:1      | Reached skill level 1 in Conjurations
   247 | D:1      | Reached XP level 2. HP: 19/24 MP: 1/5
  1060 | D:1      | Reached XP level 3. HP: 32/32 MP: 7/7
  1310 | D:1      | Reached skill level 1 in Fighting
  1595 | D:1      | Learned a level 2 spell: Scorch
  1863 | D:2      | Reached XP level 4. HP: 13/41 MP: 2/8
  2593 | D:2      | Reached skill level 2 in Fighting
  3339 | D:3      | Reached XP level 5. HP: 50/50 MP: 9/9
  4500 | D:3      | Noticed an ogre
  4507 | D:3      | Killed an ogre
  4508 | D:3      | Reached skill level 3 in Fighting
  4508 | D:3      | Reached XP level 6. HP: 62/62 MP: 2/11
  4748 | D:4      | Reached skill level 4 in Fighting
  5143 | D:4      | Found an ancient bone altar of Kikubaaqudgha.
  5803 | D:5      | Entered Level 5 of the Dungeon
  6086 | D:5      | Found Ruraifug's Armour Emporium.
  6128 | D:5      | Noticed Blork the orc
  6134 | D:5      | Killed Blork the orc
  6135 | D:5      | Reached skill level 5 in Fighting
  6135 | D:5      | Reached XP level 7. HP: 32/72 MP: 1/13
  6432 | D:5      | Found Ithucyom's Armour Shoppe.
  6464 | D:5      | Found Nifen's Book Shop.
  6515 | D:5      | Found Tilemnac's Book Shoppe.
  6721 | D:5      | Found Myink's General Store.
  6730 | D:5      | Bought a scroll of noise for 14 gold pieces
  6730 | D:5      | Bought a scroll of amnesia for 49 gold pieces
  7081 | D:5      | Reached skill level 6 in Fighting
  7288 | D:5      | Learned a level 3 spell: Inner Flame
  7293 | D:5      | Learned a level 4 spell: Flame Wave
  7297 | D:5      | Learned a level 3 spell: Swiftness
  7890 | D:5      | Reached XP level 8. HP: 48/84 MP: 7/15
  8145 | D:5      | Reached skill level 7 in Fighting
  8145 | D:5      | Reached skill level 5 in Spellcasting
  8302 | D:6      | Noticed Menkaure
  8462 | D:6      | Killed Menkaure
  8614 | D:6      | Reached skill level 8 in Fighting
  9009 | D:6      | Reached skill level 5 in Fire Magic
  9848 | D:6      | Reached XP level 9. HP: 90/97 MP: 8/17
 10699 | D:7      | Found a staircase to the Ecumenical Temple.
 10736 | Temple   | Entered the Ecumenical Temple
 10965 | Temple   | Became a worshipper of Vehumet
 11151 | D:7      | Noticed Pikel
 11229 | D:6      | Killed Pikel
 11230 | D:6      | Reached skill level 9 in Fighting
 11230 | D:6      | Reached skill level 1 in Armour
 11812 | D:7      | Reached skill level 5 in Conjurations
 12058 | D:8      | Noticed a seven-headed hydra
 12063 | D:8      | Killed a seven-headed hydra
 12064 | D:8      | Reached skill level 10 in Fighting
 12064 | D:8      | Reached XP level 10. HP: 83/111 MP: 6/20
 12181 | D:8      | Reached skill level 11 in Fighting
 13829 | D:9      | Noticed Gastronok
 13838 | D:9      | Killed Gastronok
 13839 | D:9      | Reached skill level 12 in Fighting
 13868 | D:9      | Reached * piety under Vehumet
 13868 | D:9      | Offered knowledge of Magic Dart by Vehumet.
 13997 | D:9      | Found a flagged portal.
 14036 | Bailey   | Entered a bailey
 14628 | Bailey   | Noticed an orc knight
 14652 | Bailey   | Killed an orc knight
 14653 | Bailey   | Reached XP level 11. HP: 54/123 MP: 3/23
 14952 | Bailey   | Noticed an orc knight
 15039 | Bailey   | Slain by an orc knight

Illustrated notes

Levels and vault maps discovered:
D:1:      dpeg_arrival_rooms_with_view, layout_basic
D:2:      layout_basic
D:3:      layout_basic, st_stairs_3
D:4:      layout_basic, lemuel_zombie_altar_kikubaaqudgha
D:5:      layout_loops_ring, serial_shops, kennysheep_mini,
          kennysheep_little_box, nicolae_shop_window_shopping, shop, shop,
          mrwooster_statue_mirror, st_stairs_14, uniq_blork_the_orc
D:6:      layout_basic, portal_sewer_entry_e, uniq_menkaure
D:7:      layout_basic, minmay_temple_entry_mist, uniq_pikel
D:8:      layout_cave_pods
D:9:      layout_rooms, enter_bailey_2, gammafunk_ghost_icy, uniq_gastronok
Temple:   mainiacjoe_temple_coin_purse
Bailey:   bailey_polearm_5, bailey

Skill      XL: |  1  2  3  4  5  6  7  8  9 10 11 |
---------------+----------------------------------+-----
Conjurations   | 1 2 3 4 5 6 |  6.6
Dodging        | 2 3 |  3.0
Fighting       | 1 2 3 5 6 8 10 12 | 12.0
Fire Magic     | 3 4 5 6 7 |  7.1
Spellcasting   | 3 4 5 6 8 |  8.4
Armour         | 2 3 4 |  4.0
Stealth        | |  1.6

Action                   |  1- 3 |  4- 6 |  7- 9 | 10-12 || total
-------------------------+-------+-------+-------+-------++-------
Melee: Unarmed           |    12 |       |       |       ||    12
       Spear             |    93 |    23 |       |       ||   116
       Punch             |     1 |     1 |     1 |       ||     3
       Whip              |       |    11 |       |       ||    11
       Hand axe          |       |    28 |    73 |       ||   101
       Flail             |       |    84 |     7 |       ||    91
       Short sword       |       |       |       |     2 ||     2
       Staff             |       |       |       |     1 ||     1
 Cast: Foxfire           |    22 |    42 |   169 |   145 ||   378
       Scorch            |     4 |    38 |    55 |    26 ||   123
       Inner Flame       |       |       |     4 |    16 ||    20
       Flame Wave        |       |       |     2 |     1 ||     3
Evoke: Wand              |       |       |       |     2 ||     2
  Use: Scroll            |       |       |     3 |     2 ||     5
 Stab: Sleeping          |     6 |     3 |       |       ||     9
Armor: Robe              |    29 |    54 |    74 |     3 ||   160
       Ice dragon scales |       |       |       |    13 ||    13
Dodge: Dodged            |    51 |   113 |   176 |    34 ||   374
